 Dungeon Crawl Stone Soup version 0.29.0-4-gdea44cf6ec (webtiles) character file.

Game seed: 16154234736062785383

335 qw the Chopper (level 6, 0/36 HPs)
             Began as a Tengu Warper on Aug 28, 2022.
             Slain by a black bear (1 damage)
             ... on level 4 of the Dungeon.
             The game lasted 00:00:30 (4302 turns).

qw the Chopper (Tengu Warper)                       Turns: 4302, Time: 00:00:30

Health: 0/36       AC:  8    Str: 13    XL:     6   Next: 53%
Magic:  10/10      EV:  7    Int: 13    God:
Gold:   246        SH:  0    Dex: 14    Spells: 9/9 levels left

rFire   . . .      SeeInvis .   Y - +0 hand axe
rCold   . . .      Faith    .   (no shield)
rNeg    . . .      Spirit   .   e - +0 chain mail
rPois   +          Reflect  .   (helmet restricted)
rElec   .          Harm     .   (no cloak)
rCorr   .          Rampage  .   (no gloves)
Will    .....                   (boots unavailable)
Stlth   ..........              (no amulet)
HPRegen 0.12/turn               f - ring of poison resistance
MPRegen 0.12/turn               (no ring)

@: flying quickly and evasively, quick
A: beak, talons 3, nimble flight
a: no special abilities


You were on level 4 of the Dungeon.
You visited 1 branch of the dungeon, and saw 4 of its levels.
You also visited: Sewer.

You collected 246 gold pieces.


Innate Abilities, Weirdness & Mutations

You have a beak for a mouth.
You have claws for feet.
Your magical nature lets you fly swiftly and evasively.


   Skills:
 + Level 2.3 Fighting
 - Level 7.0 Axes
 - Level 1.0 Throwing
 - Level 2.0 Armour
 - Level 2.1 Dodging
 - Level 2.0 Spellcasting
 - Level 2.4 Translocations


You had 9 spell levels left.
You didn't know any spells.
Your spell library contained the following spells:

 Spells                   Type           Power      Damage    Failure   Level
 Blink                    Tloc           14%        N/A       99%         2
 Gell's Gravitas          Tloc           7%         N/A       100%        3
 Lesser Beckoning         Tloc           7%         N/A       100%        3
 Teleport Other           Tloc           7%         N/A       100%        3
 Manifold Assault         Tloc           7%         N/A       100%        5

Inventory:

Hand Weapons
 b - a +0 flail
 Y - a +0 hand axe (weapon)
Armour
 e - a +0 chain mail (worn)
Jewellery
 f - a ring of poison resistance (left hand)
Scrolls
 k - 2 scrolls of identify
 n - a scroll of teleportation
Potions
 a - a potion of curing
 d - a potion of resistance
 g - a potion of cancellation
 h - a potion of might {unknown}
 j - a potion of haste {unknown}
 l - a potion of mutation {unknown}

Dungeon Overview and Level Annotations

Branches:
Dungeon (4/15)              Sewer (visited)
 Temple: D:4-7

Altars:


Message History

The black bear claws you.
You barely miss the black bear.
You claw the black bear, but do no damage.
The black bear is moderately wounded.
The black bear bites you but does no damage.
The black bear barely misses you. The black bear claws you.
You barely miss the black bear. You claw the black bear.
You peck the black bear.
The black bear is heavily wounded.
The black bear bites you.
The black bear claws you but does no damage.
The black bear claws you.
You hit the black bear. Your peck misses the black bear.
The black bear is severely wounded.
The black bear bites you but does no damage.
The black bear claws you.
The black bear claws you but does no damage.
You hit the black bear but do no damage.
You peck the black bear.
The black bear is severely wounded.
The black bear bites you. The black bear closely misses you.
The black bear claws you but does no damage.
You hit the black bear.
You claw the black bear, but do no damage.
The black bear is almost dead.
The black bear goes berserk!
You hit the black bear but do no damage.
The black bear is almost dead.
The black bear bites you. The black bear claws you.
The black bear barely misses you.
You hit the black bear. Your kick misses the black bear.
You peck the black bear.
The black bear is almost dead.
The black bear closely misses you. The black bear claws you.
The black bear claws you but does no damage.
You barely miss the black bear. Your kick misses the black bear.
The black bear is almost dead.
The black bear bites you. The black bear closely misses you.
The black bear claws you. The black bear bites you. The black bear claws you.
You die...

.........................
#.##.#...........######..
# #...................
...............########
###.#..................
#....###.....########
###.........[....#
###########.#######.#
.......@............#
##....h####..########
#..... ##....### #.....
####...# #..... ###.####
#..... #....### #..$..
####...# #..... ###.# #.#


You could see a black bear (berserk).

Vanquished Creatures
  A hound (D:4)
  2 iguanas (D:4)
  Robin (D:2)
  6 adders
  5 river rats
  5 worms
  3 dart slugs (D:1)
  An orc (D:2)
  16 ball pythons
  6 endoplasms
  7 giant cockroaches
  15 hobgoblins
  3 jackals
  4 kobolds
  A quokka (Sewer)
  14 bats
  6 frilled lizards
  17 goblins
  14 rats
127 creatures vanquished.

Vanquished Creatures (others)
  4 plants (D:1)
4 creatures vanquished.

Grand Total: 131 creatures vanquished

Notes
Turn   | Place    | Note
-------+----------+-------------------------------------------
     0 | D:1      | qw the Tengu Warper began the quest for the Orb.
     0 | D:1      | Reached XP level 1. HP: 12/12 MP: 4/4
     0 | D:1      | 0 ||| qw: Version: 0.1-a-89-g26bdef1
     0 | D:1      | 0 ||| qw: Game counter: 3312
     0 | D:1      | 0 ||| qw: Always use a shield: true
     0 | D:1      | 0 ||| qw: God list: Okawaru
     0 | D:1      | 0 ||| qw: Allow faded altars: false
     0 | D:1      | 0 ||| qw: Do Orc after D:15 true
     0 | D:1      | 0 ||| qw: Do second Lair branch before Depths: true
     0 | D:1      | 0 ||| qw: Lair rune preference: random
     0 | D:1      | 0 ||| qw: Plans: Normal
     0 | D:1      | 0 ||| PLANNING D:1-11
    36 | D:1      | 36 ||| Stepping ~*~*~tactically~*~*~ (stealth).
    38 | D:1      | 38 ||| Stepping ~*~*~tactically~*~*~ (stealth).
    52 | D:1      | Reached skill level 3 in Axes
    52 | D:1      | Reached XP level 2. HP: 13/17 MP: 6/6
   211 | D:1      | 211 ||| Stepping ~*~*~tactically~*~*~ (stealth).
   218 | D:1      | 218 ||| Stepping ~*~*~tactically~*~*~ (stealth).
   435 | D:1      | 435 ||| Stepping ~*~*~tactically~*~*~ (stealth).
   437 | D:1      | 437 ||| Stepping ~*~*~tactically~*~*~ (stealth).
   440 | D:1      | 440 ||| Stepping ~*~*~tactically~*~*~ (stealth).
   441 | D:1      | 441 ||| Stepping ~*~*~tactically~*~*~ (stealth).
   442 | D:1      | 442 ||| Stepping ~*~*~tactically~*~*~ (stealth).
   443 | D:1      | 443 ||| Stepping ~*~*~tactically~*~*~ (stealth).
   468 | D:1      | 468 ||| Stepping ~*~*~tactically~*~*~ (stealth).
   470 | D:1      | 470 ||| Stepping ~*~*~tactically~*~*~ (stealth).
   472 | D:1      | 472 ||| Stepping ~*~*~tactically~*~*~ (stealth).
   497 | D:1      | 497 ||| Stepping ~*~*~tactically~*~*~ (stealth).
   500 | D:1      | Reached XP level 3. HP: 21/21 MP: 7/7
   540 | D:1      | 540 ||| Stepping ~*~*~tactically~*~*~ (stealth).
   543 | D:1      | 543 ||| Stepping ~*~*~tactically~*~*~ (stealth).
   654 | D:1      | Reached skill level 4 in Axes
   710 | D:1      | 710 ||| Stepping ~*~*~tactically~*~*~ (stealth).
   715 | D:1      | 715 ||| Stepping ~*~*~tactically~*~*~ (stealth).
   718 | D:1      | 718 ||| Stepping ~*~*~tactically~*~*~ (stealth).
   719 | D:1      | 719 ||| Stepping ~*~*~tactically~*~*~ (stealth).
   849 | D:1      | Found a faded altar of an unknown god.
  1248 | D:1      | 1248 ||| UPGRADING to ring of poison resistance.
  1249 | D:1      | 1249 ||| READING scroll labelled ISHATE ZAMUU.
  1250 | D:1      | 1250 ||| DROPPING scroll of blinking.
  1476 | D:2      | Reached XP level 4. HP: 26/26 MP: 8/8
  1570 | D:2      | 1570 ||| FLEEEEING.
  1571 | D:2      | 1571 ||| FLEEEEING.
  1572 | D:2      | 1572 ||| FLEEEEING.
  1573 | D:2      | 1573 ||| FLEEEEING.
  1579 | D:2      | 1579 ||| FLEEEEING.
  1580 | D:2      | 1580 ||| FLEEEEING.
  1581 | D:2      | 1581 ||| FLEEEEING.
  1590 | D:2      | 1590 ||| FLEEEEING.
  1591 | D:2      | 1591 ||| FLEEEEING.
  1598 | D:2      | 1598 ||| FLEEEEING.
  1599 | D:2      | 1599 ||| FLEEEEING.
  1600 | D:2      | 1600 ||| FLEEEEING.
  1612 | D:2      | 1612 ||| FLEEEEING.
  1615 | D:2      | 1615 ||| FLEEEEING.
  1616 | D:2      | 1616 ||| FLEEEEING.
  1617 | D:2      | 1617 ||| FLEEEEING.
  1618 | D:2      | 1618 ||| FLEEEEING.
  1619 | D:2      | 1619 ||| FLEEEEING.
  1620 | D:2      | 1620 ||| FLEEEEING.
  1621 | D:2      | 1621 ||| FLEEEEING.
  1622 | D:2      | 1622 ||| FLEEEEING.
  1628 | D:2      | 1628 ||| FLEEEEING.
  1629 | D:2      | 1629 ||| FLEEEEING.
  1630 | D:2      | 1630 ||| FLEEEEING.
  1631 | D:2      | 1631 ||| FLEEEEING.
  1634 | D:2      | 1634 ||| STAIRDANCE
  1702 | D:1      | 1702 ||| UPGRADING to +0 ring mail.
  1712 | D:1      | 1712 ||| DROPPING +0 leather armour.
  1713 | D:1      | 1713 ||| READING scroll labelled BIRYRASMOO.
  1714 | D:1      | 1714 ||| READING scroll labelled METHAL TONNIO.
  1715 | D:1      | 1715 ||| DRINKING 2 emerald potions.
  1779 | D:2      | 1779 ||| DROPPING +0 club.
  1874 | D:2      | Reached skill level 5 in Axes
  1874 | D:2      | 1874 ||| Stepping ~*~*~tactically~*~*~ (stealth).
  1875 | D:2      | Noticed Robin
  1892 | D:2      | Killed Robin
  2167 | D:2      | 2167 ||| READING 2 scrolls labelled SUICIPASEV.
  2172 | D:2      | 2172 ||| READING scroll labelled QIHIAD QIUKINN.
  2204 | D:3      | 2204 ||| PLANNING SEWER
  2270 | D:3      | 2270 ||| Stepping ~*~*~tactically~*~*~ (stealth).
  2278 | D:3      | Gained mutation: Your magical nature lets you fly swiftly
                  | and evasively. [Tengu growth]
  2278 | D:3      | Reached XP level 5. HP: 30/30 MP: 9/9
  2394 | D:3      | 2394 ||| Stepping ~*~*~tactically~*~*~ (stealth).
  2395 | D:3      | 2395 ||| Stepping ~*~*~tactically~*~*~ (stealth).
  2399 | D:3      | 2399 ||| Stepping ~*~*~tactically~*~*~ (stealth).
  2400 | D:3      | 2400 ||| Stepping ~*~*~tactically~*~*~ (stealth).
  2445 | D:3      | Found a glowing drain.
  2515 | D:3      | 2515 ||| UPGRADING to +0 chain mail.
  2525 | D:3      | 2525 ||| DROPPING +0 ring mail.
  2534 | Sewer    | Entered a sewer
  2596 | Sewer    | 2596 ||| Stepping ~*~*~tactically~*~*~ (stealth).
  2666 | Sewer    | Reached skill level 6 in Axes
  2905 | Sewer    | 2905 ||| Stepping ~*~*~tactically~*~*~ (stealth).
  2907 | Sewer    | 2907 ||| Stepping ~*~*~tactically~*~*~ (stealth).
  2923 | Sewer    | HP: 7/30 [river rat (4)]
  2924 | Sewer    | 2924 ||| READING scroll of teleportation.
  2928 | Sewer    | Reached XP level 6. HP: 5/35 MP: 10/10
  3384 | Sewer    | 3384 ||| Stepping ~*~*~tactically~*~*~ (stealth).
  3431 | Sewer    | 3431 ||| Stepping ~*~*~tactically~*~*~ (stealth).
  3435 | Sewer    | 3435 ||| Stepping ~*~*~tactically~*~*~ (stealth).
  3662 | Sewer    | 3662 ||| READING scroll labelled PIASIPP VIAV.
  3663 | Sewer    | 3663 ||| READING scroll labelled MUHIRIE IFAM.
  3664 | Sewer    | 3664 ||| READING 2 scrolls of identify.
  3664 | Sewer    | 3664 ||| IDENTIFYING sedimented grey potion
  3665 | Sewer    | 3665 ||| DROPPING potion of degeneration.
  3686 | D:3      | 3686 ||| PLANNING D:1-11
  4100 | D:4      | Reached skill level 7 in Axes
  4289 | D:4      | Noticed a black bear
  4302 | D:4      | HP: 7/36 [black bear (4)]
  4302 | D:4      | HP: 1/36 [black bear (5)]
  4302 | D:4      | Slain by a black bear

Levels and vault maps discovered:
D:1:      onia_arrival_mini_maze_b, layout_loops_cross, serial_bayou,
          serial_bayou_pond_d, serial_bayou_pond_b, serial_bayou_pond_b,
          serial_bayou_pond_e, serial_bayou_shore_b,
          shapermc_ecumenical_altar_venn
D:2:      layout_basic, uniq_robin
D:3:      layout_basic, portal_sewer_entry_b, grunt_decor_junction
D:4:      layout_basic

Skill      XL: |  1  2  3  4  5  6 |
---------------+-------------------+-----
Axes           | 3 4 5 6 7 |  7.0
Armour         | 2 |  2.0
Fighting       | |  2.3
Throwing       | |  1.0
Dodging        | |  2.1
Spellcasting   | |  2.0
Translocations | |  2.4

Action                   |  1- 3 |  4- 6 || total
-------------------------+-------+-------++-------
Melee: Hand axe          |    90 |   208 ||   298
       Peck              |     7 |    26 ||    33
       Kick              |    24 |    62 ||    86
Throw: Boomerang         |     7 |       ||     7
  Use: Scroll            |     1 |     8 ||     9
       Potion            |       |     1 ||     1
Armor: Leather armour    |    20 |     1 ||    21
       Ring mail         |       |    14 ||    14
       Chain mail        |       |    69 ||    69
Dodge: Dodged            |    44 |    76 ||   120

Table legend:
 A = Non-vault XP
 B = Vault XP
 C = Vault XP percentage of total XP
 D = Non-vault monster count
 E = Vault monster count
 F = Vault count percentage of total count
                 A         B        C        D         E       F
            +---------+---------+-------+---------+---------+-------
      Total |     249 |     230 |  48.0 |      67 |      60 |  47.2
            +---------+---------+-------+---------+---------+-------
        D:1 |      54 |      15 |  21.7 |      31 |       8 |  20.5
        D:2 |      42 |      35 |  45.5 |      16 |      11 |  40.7
        D:3 |      41 |      22 |  34.9 |      17 |       9 |  34.6
        D:4 |     112 |       0 |   0.0 |       3 |       0 |   0.0
      Sewer |       0 |     158 | 100.0 |       0 |      32 | 100.0
            +---------+---------+-------+---------+---------+-------
